 Dungeon Crawl Stone Soup version 0.30.1-9-gdf580d7c3d (webtiles) character file.

Game seed: 7248205752258499218

70 KittyFluff the Trooper (level 4, -2/29 HPs)
             Began as a Gargoyle Berserker on Oct 15, 2023.
             Was a Believer of Trog.
             Slain by a goblin
             ... wielding a +0 dagger
             ... led by Robin
              (3 damage)
             ... on level 2 of the Dungeon.
             The game lasted 00:03:37 (820 turns).

KittyFluff the Trooper (Gargoyle Berserker)          Turns: 820, Time: 00:03:38

Health: -2/29      AC:  9    Str: 22    XL:     4   Next: 21%
Magic:  4/4        EV: 12    Int:  8    God:    Trog [**....]
Gold:   110        SH:  0    Dex:  9    Spells: 3/3 levels left

rFire   . . .        a - +0 mace
rCold   . . .        (no shield)
rNeg    + . .        b - +0 animal skin
rPois   ∞            (no helmet)
rElec   +            (no cloak)
rCorr   .            (no gloves)
SInv    .            (no boots)
Will    .....        (no amulet)
Stlth   +            d - +4 ring of protection
HPRegen 0.24/turn    (no ring)
MPRegen 0.09/turn

%: no passive effects
@: no status effects
A: sickness immunity, AC +3, negative energy resistance 1, electricity
resistance, torment resistance 1, petrification resistance
a: Renounce Religion, Berserk, Trog's Hand


You were on level 2 of the Dungeon.
You worshipped Trog.
Trog was pleased with you.
You visited 1 branch of the dungeon, and saw 2 of its levels.

You collected 110 gold pieces.

Inventory:

Hand Weapons
 a - a +0 mace (weapon)
Armour
 b - a +0 animal skin (worn)
Jewellery
 d - a +4 ring of protection (left hand)
Scrolls
 c - a scroll of noise {unknown}
 g - 4 scrolls of teleportation {unknown}
 i - a scroll of silence {unknown}
 j - a scroll of identify {unknown}
 k - a scroll of enchant armour {unknown}
 l - a scroll of enchant weapon {unknown}
 m - a scroll of vulnerability {unknown}
 q - a scroll of brand weapon {unknown}
Potions
 e - a potion of cancellation {unknown}
 f - a potion of brilliance {unknown}
 h - a potion of curing {unknown}
 n - a potion of haste {unknown}
 o - a potion of magic {unknown}
 p - a potion of degeneration {unknown}


   Skills:
 + Level 3.9 Fighting
 + Level 3.5 Maces & Flails
 + Level 3.0 Armour
 + Level 2.2 Dodging


You had 3 spell levels left.
You didn't know any spells.
Your spell library was empty.

Dungeon Overview and Level Annotations

Branches:
Dungeon (2/15)

Altars:

Annotations:
D:2 Robin


Innate Abilities, Weirdness & Mutations

You are immune to sickness and miasma.
Your stone body is resilient. (AC +3)
You are immune to poison.
You resist negative energy. (rN+)
You are resistant to electric shocks. (rElec)
You are resistant to unholy torment.
You are immune to petrification.


Message History

* * * LOW HITPOINT WARNING * * *
The goblin hits you but does no damage.
You hit the goblin.
You kill the goblin!
Trog accepts your kill.
You closely miss the goblin. The goblin closely misses you.
You barely miss the goblin. The goblin hits you but does no damage.
You barely miss the goblin. Robin hits you but does no damage.
The goblin hits you but does no damage. The goblin barely misses you.
You barely miss the goblin.
The goblin no longer looks unusually strong.
Robin roars a battlecry!
The goblin goes into a battle-frenzy!
The goblin hits you but does no damage. The goblin closely misses you.
Robin throws the goblin at you!
The goblin hits you but does no damage. x2
The goblin completely misses you.
You hit the goblin.
You kill the goblin!
Trog accepts your kill. The goblin hits you but does no damage.
Robin throws the goblin at you! The goblin closely misses you.
You barely miss the goblin. The goblin barely misses you.
Robin hits you from afar with a +0 spear.
* * * LOW HITPOINT WARNING * * *
The goblin barely misses you. Robin hits you but does no damage.
The goblin closely misses you.
Things that are here:
a +0 dagger; a goblin corpse You hit Robin.
Robin is lightly wounded.
Robin hits you with a +0 spear.
* * * LOW HITPOINT WARNING * * *
The goblin hits you with a +0 dagger.
* * * LOW HITPOINT WARNING * * *
The goblin closely misses you.
You hit Robin.
Robin is heavily wounded.
Robin closely misses you. The goblin hits you but does no damage.
The goblin hits you with a +0 dagger.
You die...

#.......#..#. #....#
..##.# #......#.....
#....# ......
#.....#..... #....#
.#...# #........##
#....##.....#
.........# ##....
..... .........#
##.....#).# .........#
#).####...# ###.###.##
##g##.lKJ### #..# .#
###g@#g)rg## #..# .#
###....grl### ##..# ..
##....###K###
....##.##...####≈≈~≈≈#
.......##.### #≈~≈~≈#
......##>.## ###~≈~≈~#
............##.#≈~≈~≈#
......#..##....###'###
†.......#####......#


You could see Robin, a quokka, 2 goblins, a kobold and a frilled lizard.

Vanquished Creatures
  2 adders
  A worm (D:2)
  A ball python (D:2)
  3 bats (D:2)
  5 endoplasms
  2 giant cockroaches (D:1)
  12 goblins
  2 hobgoblins (D:1)
  3 jackals (D:2)
  2 kobolds (D:1)
  3 quokkas (D:1)
  4 frilled lizards (D:1)
  6 rats
46 creatures vanquished.

Notes
Turn   | Place    | Note
-------+----------+-------------------------------------------
     0 | D:1      | KittyFluff the Gargoyle Berserker began the quest for the
                  | Orb.
     0 | D:1      | Reached XP level 1. HP: 14/14 MP: 1/1
   190 | D:1      | Reached XP level 2. HP: 19/19 MP: 2/2
   522 | D:1      | Reached XP level 3. HP: 23/24 MP: 3/3
   537 | D:2      | Reached ** piety under Trog
   729 | D:2      | Reached XP level 4. HP: 29/29 MP: 4/4
   789 | D:2      | Noticed Robin
   819 | D:2      | HP: 1/29 [goblin/+0 dagger[Robin] (2)]
   820 | D:2      | Slain by a goblin

Illustrated notes

Levels and vault maps discovered:
D:1:      heliophobic_arrival_henge, layout_rooms, serial_rivers,
          chequers_serial_rivers_small_3, chequers_serial_rivers_marsh,
          chequers_serial_rivers_small_a, chequers_serial_rivers_micro_e,
          chequers_serial_rivers_small_a, chequers_serial_rivers_room_a
D:2:      layout_rooms, glass_columns_a, chequers_serial_rivers_room_b,
          chequers_serial_rivers_room_b, uniq_robin

Skill      XL: |  1  2  3  4 |
---------------+-------------+-----
Dodging        | 2 |  2.2
Armour         | 3 |  3.0
Fighting       | |  3.9
Maces & Flails | |  3.5

Action                     |  1- 3 |  4- 6 || total
---------------------------+-------+-------++-------
  Melee: Mace              |   119 |    22 ||   141
 Armour: Animal skin       |    68 |    35 ||   103
  Dodge: Dodged            |   112 |    33 ||   145
